Map: Orbital Shipyard

Players

nisezou

  • Race: Protoss Protoss
  • League: Diamond

아재피지컬 - Winner!

  • Race: Terran Terran
  • League: Diamond

VOD

Have the link to the VOD?

Description

Time

  • Played on: Feb. 10, 2016, 5:04 a.m.
  • Length: 14:12
Show
View Real Time Build Order
Export as new Build Order

nisezou Protoss 

Build Orders: 1 Gate Expand, Oracle Opening 

Get SALT Encoding   

  12  0:01  Probe (Chrono Boost)  
  13  0:11  Probe (Chrono Boost)  
  14  0:17  Pylon  
  14  0:22  Probe (Chrono Boost)  
  15  0:35  Probe (Chrono Boost)  
  16  0:36  Gateway  
  16  0:41  Assimilator  
  16  0:46  Probe (Chrono Boost)  
  17  0:56  Probe (Chrono Boost)  
  18  1:07  Probe (Chrono Boost)  
  19  1:18  Nexus  
  19  1:29  Cybernetics Core  
  19  1:34  Assimilator  
  19  1:40  Pylon  
  19  1:42  Probe (Chrono Boost)  
  20  1:53  Probe (Chrono Boost)  
  21  2:05  Adept, Mothership Core (Chrono Boost)  
  25  2:14  Warp Gate  
  25  2:23  Probe (Chrono Boost)  
  26  2:30  Probe (Chrono Boost)  
  26  2:34  Probe (Chrono Boost)  
  28  2:41  Probe (Chrono Boost)  
  29  2:44  Probe (Chrono Boost)  
  30  2:51  Stargate, Probe (Chrono Boost)  
  30  2:55  Probe (Chrono Boost)  
  32  3:02  Probe (Chrono Boost)  
  32  3:03  Assimilator  
  33  3:06  Probe (Chrono Boost)  
  33  3:12  Robotics Facility, Probe (Chrono Boost)  
  35  3:16  Probe (Chrono Boost)  
  36  3:22  Pylon  
  36  3:23  Probe (Chrono Boost)  
  36  3:27  Probe (Chrono Boost)  
  38  3:33  Probe (Chrono Boost)  
  39  3:37  Oracle (Chrono Boost), Probe (Chrono Boost)  
  43  3:42  Probe  
  43  3:46  Gateway  
  43  3:47  Gateway  
  44  3:49  Probe, Assimilator  
  44  3:53  Probe  
  46  4:00  Observer  
  46  4:01  Probe  
  48  4:09  Phoenix (Chrono Boost)  
  50  4:11  Pylon  
  50  4:15  Probe  
  51  4:22  Observer, Pylon  
  52  4:27  Stalker  
  56  4:31  Phoenix (Chrono Boost)  
  56  4:36  Probe x2  
  58  4:49  Probe  
  58  4:50  Immortal (Chrono Boost)  
  63  5:00  Phoenix (Chrono Boost)  
  65  5:08  Nexus  
  65  5:09  Probe  
  65  5:11  Pylon  
  66  5:14  Twilight Council  
  66  5:15  Pylon  
  66  5:20  Probe  
  66  5:22  Forge  
  69  5:32  Immortal (Chrono Boost)  
  71  5:36  Robotics Bay  
  71  5:49  Probe x2, Pylon  
  72  5:53  Protoss Ground Armor Level 1 (Chrono Boost)  
  73  6:03  Probe  
  78  6:13  Photon Cannon  
  78  6:19  Gateway  
  78  6:20  Gateway  
  78  6:22  Probe  
  78  6:23  Gateway, Charge (Chrono Boost)  
  78  6:25  Pylon  
  79  6:26  Colossus  
  79  6:31  Extended Thermal Lance  
  82  6:32  Probe  
  82  6:34  Probe  
  82  6:36  Probe  
  84  6:44  Probe, Zealot x3  
  84  6:45  Probe  
  92  6:49  Probe  
  93  6:55  Pylon  
  93  6:57  Probe  
  91  7:07  Photon Cannon  
  91  7:13  Colossus  
  91  7:18  Photon Cannon  
  91  7:19  Zealot  
  91  7:20  Zealot x5  
  109  7:26  Phoenix  
  111  7:31  Probe  
  112  7:37  Assimilator x2  
  112  7:40  Zealot  
  112  7:41  Zealot x4  
  122  7:46  Pylon  
  122  7:49  Probe  
  123  7:53  Pylon  
  123  7:59  Templar Archives  
  123  8:02  Disruptor  
  126  8:15  Stalker x2  
  126  8:16  Stalker  
  132  8:24  Psionic Storm  
  132  8:27  Zealot x2  
  132  8:28  Zealot  
  132  8:29  Probe  
  139  8:36  Gateway x2  
  139  8:37  Gateway, High Templar  
  141  8:41  Pylon  
  141  8:42  Pylon  
  141  8:50  Gateway  
  141  8:52  Gateway  
  141  8:59  Probe  
  141  9:00  Colossus  
  148  9:03  High Templar x3  
  148  9:08  Zealot  
  148  9:09  Protoss Ground Armor Level 2  
  156  9:13  Probe, Photon Cannon  
  156  9:16  Pylon  
  157  9:18  Pylon  
  157  9:25  Blink  
  157  9:34  Probe x2  
  157  9:38  Zealot x2, Pylon  
  159  9:39  Zealot x4  
  159  9:44  Dark Shrine  
  171  9:46  High Templar  
  171  9:50  Pylon  
  173  9:56  Observer  
  173  9:59  Robotics Facility  
  174  10:01  Pylon  
  174  10:07  Zealot x3  
  180  10:18  Nexus  
  180  10:22  High Templar x3, Pylon  
  180  10:28  Pylon  
  186  10:39  Probe  
  186  10:41  Zealot x5  
  186  10:42  Zealot  
  199  10:50  Probe  
  200  10:57  Pylon  
  200  11:00  Pylon  
  200  11:07  Gateway  
  200  11:08  Gateway  
  200  11:11  Gateway  
  200  11:15  Pylon  
  200  11:20  Gateway x2  
  200  11:23  Pylon  
  190  11:49  Zealot x3  
  190  11:52  Archon  
  190  11:53  Zealot  
  190  11:54  Stalker x2, Zealot x2  
  160  11:55  Stalker x2  
  160  11:57  Phoenix  
  132  12:01  Stalker  
  132  12:08  Stalker x2  
  112  12:10  Zealot  
  112  12:14  Dark Templar x2  
  112  12:15  Dark Templar, Probe  
  102  12:18  Colossus  
  102  12:22  Phoenix  
  107  12:26  Dark Templar  
  107  12:27  Dark Templar  
  102  12:39  High Templar  
  102  12:40  High Templar x5  
  102  12:42  Zealot x4  
  115  12:44  Archon x2  
  115  12:45  Archon  
  107  12:53  Void Ray (Chrono Boost)  
  111  13:11  Zealot x3  
  111  13:12  Zealot x2  
  121  13:15  High Templar  
  121  13:17  High Templar  
  125  13:21  Archon  
  125  13:34  Dark Templar x2  
  124  13:49  Dark Templar x3  
  128  14:02  Zealot  
  122  14:03  Zealot x3  
  122  14:08  Zealot x2  
Show
View Real Time Build Order
Export as new Build Order

아재피지컬 Terran - Winner!

Build Orders: Command Center First (CC), MMM Bio 

Get SALT Encoding   

  12  0:00  SCV  
  13  0:12  SCV  
  14  0:17  Supply Depot  
  14  0:25  SCV  
  15  0:39  SCV  
  16  0:51  SCV  
  17  0:59  Command Center  
  18  1:04  SCV  
  18  1:13  Barracks  
  18  1:16  SCV  
  19  1:28  SCV  
  19  1:31  Barracks  
  20  1:40  SCV  
  20  1:43  Barracks  
  21  1:52  SCV  
  22  2:01  Marine  
  23  2:11  Orbital Command x2  
  23  2:18  Marine  
  23  2:22  Refinery  
  24  2:23  Bunker  
  24  2:24  Marine  
  25  2:31  Refinery  
  25  2:32  Marine  
  25  2:36  SCV  
  27  2:38  SCV  
  27  2:41  Marine  
  29  2:49  SCV  
  30  2:54  Supply Depot  
  30  2:55  Marine x2  
  31  3:00  SCV  
  31  3:01  SCV  
  33  3:07  Supply Depot  
  33  3:08  Barracks Tech Lab  
  33  3:12  SCV  
  34  3:13  Marine x2, SCV  
  37  3:21  Engineering Bay  
  37  3:24  SCV  
  38  3:28  SCV  
  38  3:30  Stimpack, Marine  
  40  3:35  Marine  
  40  3:36  Marine, SCV  
  43  3:43  SCV  
  44  3:49  Supply Depot, SCV  
  44  3:50  Marine, Terran Infantry Weapons Level 1  
  44  3:55  Marine x2, SCV  
  49  4:01  Factory  
  49  4:03  SCV  
  50  4:12  Supply Depot  
  50  4:13  SCV  
  50  4:15  Marine  
  50  4:16  Marine  
  53  4:17  Marine  
  54  4:25  Command Center  
  54  4:27  SCV x2  
  56  4:39  SCV x2  
  58  4:53  Barracks Reactor x2  
  58  4:54  Factory Tech Lab  
  58  4:55  Factory Reactor  
  58  4:56  Starport  
  58  5:01  Missile Turret  
  58  5:10  Refinery  
  58  5:11  Refinery, Supply Depot  
  58  5:12  Supply Depot  
  58  5:19  Marauder  
  58  5:20  Barracks  
  58  5:21  Barracks  
  60  5:23  SCV x2  
  60  5:25  Supply Depot  
  62  5:31  Combat Shields  
  62  5:41  SCV x2  
  62  5:42  Orbital Command  
  64  5:45  Starport Reactor  
  64  5:48  Widow Mine x2  
  68  5:52  Marine x3, Marauder  
  68  5:56  Starport Reactor  
  70  6:06  Terran Infantry Armor Level 1  
  70  6:07  SCV x2  
  72  6:12  Orbital Command  
  72  6:15  Engineering Bay  
  72  6:16  Barracks Tech Lab  
  72  6:17  Armory, Barracks Reactor  
  72  6:19  SCV x2  
  74  6:36  Marine x4, Marauder x2  
  74  6:37  Missile Turret  
  74  6:38  Medivac x2  
  74  6:39  Widow Mine x2  
  88  6:42  SCV x2  
  88  6:43  SCV  
  93  6:54  SCV  
  93  6:56  Marine x5  
  93  6:57  Marine  
  93  6:58  SCV x2  
  102  7:02  Concussive Shells  
  102  7:03  Terran Infantry Weapons Level 2  
  102  7:06  SCV  
  103  7:10  Supply Depot, SCV  
  103  7:11  Supply Depot  
  103  7:12  Supply Depot  
  103  7:14  Supply Depot  
  104  7:21  Widow Mine  
  104  7:22  Widow Mine  
  108  7:32  Medivac x2  
  108  7:33  SCV x3  
  108  7:34  Refinery x2  
  115  7:40  Starport  
  115  7:41  Fusion Core  
  115  7:45  SCV x2  
  115  7:46  Liberator  
  115  7:50  SCV  
  115  7:51  Liberator, Marine x4, Marauder x2  
  120  7:52  Marine x2  
  120  7:53  Widow Mine x2  
  120  7:57  SCV x2  
  137  8:10  Marine  
  141  8:17  Supply Depot x2  
  141  8:18  Marine x5  
  141  8:19  Supply Depot  
  134  8:29  Starport Tech Lab  
  134  8:30  Liberator  
  134  8:35  Liberator  
  134  8:36  Command Center  
  134  8:40  Marine  
  138  8:50  Medivac  
  138  8:51  Advanced Ballistics  
  143  8:58  Barracks, SCV x3  
  143  8:59  Barracks  
  143  9:01  Barracks, Supply Depot  
  146  9:09  Marauder x2  
  150  9:11  Liberator  
  150  9:14  Ghost Academy  
  150  9:15  Supply Depot  
  150  9:17  Supply Depot  
  150  9:18  SCV  
  150  9:19  SCV x2  
  153  9:30  Medivac  
  158  9:32  Marauder x2  
  158  9:35  Medivac  
  158  9:36  Terran Infantry Weapons Level 3  
  164  9:42  Terran Infantry Armor Level 2  
  164  9:47  Barracks Tech Lab  
  164  9:48  Barracks Tech Lab x2  
  164  9:49  Orbital Command  
  164  10:04  Command Center  
  164  10:07  Ghost x3  
  170  10:16  Orbital Command  
  170  10:27  Liberator x3  
  170  10:34  Factory Reactor  
  170  10:36  SCV  
  170  10:39  Sensor Tower  
  171  10:49  Liberator  
  180  10:50  SCV  
  181  10:58  Refinery  
  181  11:01  Refinery  
  181  11:10  Liberator  
  183  11:21  Marine x5, Marauder x2  
  189  11:39  Marine x3, Marauder  
  189  11:40  Marauder  
  181  11:50  Marine x2  
  181  11:51  Marine, Marauder x2  
  127  12:00  Marine x3  
  127  12:01  Marauder x2  
  118  12:07  Liberator x3  
  118  12:08  Liberator, Marine  
  108  12:12  Marine x4  
  105  12:18  Marine x2  
  105  12:22  Marauder x2  
  105  12:23  Marine  
  105  12:26  Marine  
  111  12:30  Marauder x2  
  105  12:50  Marine x6, Marauder x2  
  114  12:51  Marine x2  
  116  13:09  Ghost x2, Liberator  
  116  13:10  Ghost  
  116  13:11  Ghost  
  124  13:16  Planetary Fortress  
  124  13:45  Marauder, Refinery x2, Marine  
  124  13:46  Marauder  
  124  13:47  Missile Turret  
  125  13:51  Marauder x2  
  125  13:54  Marine x3  
Tags
 
Add a new tag
Caveats
  • Supply blocks, unpowered buildings, or Contaminate may cause inaccurate times.
  • Supply counts are checked every 10 seconds.